 Dungeon Crawl Stone Soup version 0.20-a0-689-g860b9ab (webtiles) character file.

180706 polly the Sniper (level 18, 0/114 HPs)
             Began as a Gargoyle Fighter on Feb 20, 2017.
             Was the Champion of Okawaru.
             Killed from afar by a deep elf knight (25 damage)
             ... with a stone arrow
             ... on level 3 of the Elven Halls.
             The game lasted 01:02:14 (22160 turns).

polly the Sniper (Gargoyle Fighter)                Turns: 22160, Time: 01:02:15

Health: 0/114      AC: 50    Str: 17    XL:     18   Next: 28%
Magic:  18/18      EV: 11    Int: 11    God:    Okawaru [******]
Gold:   412        SH:  0    Dex: 14    Spells: 12/17 levels left

rFire    . . .     SeeInvis +   B - +9 heavy crossbow "Sniper" {velocity, Acc+∞ SInv}
rCold    + + .     Gourm    .   U - +10 storm dragon scales "Wico Nel" {+Blink rElec MR+}
rNeg     + . .     Faith    .   (shield currently unavailable)
rPois    ∞         Spirit   .   o - +0 helmet
rElec    +         Reflect  .   V - +2 cloak {+Inv}
rCorr    .         Harm     .   D - +2 pair of gloves of Shadows and Fog {rC+ Regen+ Str-4}
MR       ++...                  Z - +2 pair of boots {run}
Stlth    ..........             i - amulet of regeneration
Regen    1.1/turn               n - +3 ring of evasion
MPRegen  0.2/turn               l - +6 ring of slaying

@: flying, drained, quick
A: big wings, talons 1, see invisible, cold resistance 1, negative energy
resistance 1, electricity resistance, unbreathing, petrification resistance, rot
immunity, AC +13
a: Stop Flying, Heroism, Finesse, Renounce Religion, Evoke Blink, Evoke
Invisibility


You were on level 3 of the Elven Halls.
You worshipped Okawaru.
Okawaru was exalted by your worship.
You were not hungry.

You visited 5 branches of the dungeon, and saw 27 of its levels.
You visited the Abyss 1 time.
You visited 1 bazaar.
You also visited: Ossuary.

You collected 2874 gold pieces.
You spent 2462 gold pieces at shops.

Inventory:

Hand Weapons
 s - a +2 demon whip of venom
 B - the +9 heavy crossbow "Sniper" (weapon) {velocity, Acc+∞ SInv}
   (You found it on level 4 of the Dungeon)

   Any bolt fired from it inflicts extra damage.
   It lets you see invisible.
Missiles
 j - 4 tomahawks of dispersal
 C - 291 bolts (quivered)
Armour
 o - a +0 helmet (worn)
 D - the +2 pair of gloves of Shadows and Fog (worn) {rC+ Regen+ Str-4}
   (Okawaru gifted it to you on level 11 of the Dungeon)

   It affects your strength (-4).
   It protects you from cold.
   It increases your rate of regeneration.
 U - the +10 storm dragon scales "Wico Nel" (worn) {+Blink rElec MR+}
   (You bought it in a shop on level 2 of the Elven Halls)

   It insulates you from electricity.
   It affects your resistance to hostile enchantments.
   It lets you blink.
 V - a +2 cloak of invisibility (worn)
 X - the +0 pair of fencer's gloves {+Riposte Dex+3}
   (Okawaru gifted it to you on level 13 of the Dungeon)

   It affects your dexterity (+3).
 Z - a +2 pair of boots of running (worn)
Jewellery
 i - an amulet of regeneration (around neck)
 l - a +6 ring of slaying (left hand)
 n - a +3 ring of evasion (right hand)
 L - an uncursed ring of positive energy
 O - an uncursed ring of protection from magic
Wands
 v - a wand of confusion (37/48)
 y - a wand of digging (11/24)
 P - a wand of disintegration (13/24)
Scrolls
 c - 4 scrolls of fog
 e - 11 scrolls of magic mapping
 h - 8 scrolls of recharging
 m - 16 scrolls of remove curse
 r - 13 scrolls of teleportation
 u - a scroll of enchant weapon
 w - 3 scrolls of immolation
 x - 3 scrolls of summoning
 E - 6 scrolls of identify
 J - a scroll of holy word
 K - 8 scrolls of amnesia
 R - 5 scrolls of vulnerability
 S - 3 scrolls of blinking
 T - 2 scrolls of fear
 W - 3 scrolls of enchant armour
Potions
 b - 6 potions of haste
 d - a potion of might
 k - 4 potions of agility
 q - 2 potions of mutation
 t - 4 potions of brilliance
 z - 2 potions of berserk rage
 F - 5 potions of heal wounds
 G - 3 potions of cancellation
 H - 2 potions of curing
 I - a potion of invisibility
 N - a potion of resistance
Books
 a - a Young Poisoner's Handbook

   Spells                             Type                      Level
   a - Sting                          Conjuration/Poison           1
   b - Poisonous Vapours              Poison/Air                   2
   c - Mephitic Cloud                 Conjuration/Poison/Air       3
   d - Olgreb's Toxic Radiance        Poison                       4
   e - Venom Bolt                     Conjuration/Poison           5
 M - Sif Muna's Handbook of Creation
   (You found it on level 1 of the Elven Halls)

   Spells                             Type                      Level
   a - Summon Small Mammal            Summoning                    1
   b - Call Imp                       Summoning                    2
   c - Recall                         Summoning/Translocation      3
   d - Call Canine Familiar           Summoning                    3
   e - Spellforged Servitor           Conjuration/Summoning        7
 Y - a book of Spatial Translocations

   Spells                             Type                      Level
   a - Blink                          Translocation                2
   b - Shroud of Golubria             Charms/Translocation         2
   c - Lesser Beckoning               Translocation                3
   d - Portal Projectile              Translocation                3
   e - Teleport Other                 Translocation                3
   f - Passage of Golubria            Translocation                4
Comestibles
 f - 15 bread rations
 g - 21 meat rations
 p - 8 fruits
 A - 10 royal jellies


   Skills:
 + Level 13.0(12.2) Fighting
 + Level 5.2(4.5) Maces & Flails
 * Level 24.5(23.5) Crossbows
 - Level 0.1(0.0) Throwing
 + Level 11.7(10.9) Armour
 + Level 2.2(1.6) Dodging
 + Level 2.7(2.1) Stealth
   Level 5.4(4.8) Shields


You had 12 spell levels left.
You knew the following spells:

 Your Spells              Type           Power        Failure   Level  Hunger
a - Regeneration          Chrm/Necr      #.........   100%        3    ####...
b - Swiftness             Chrm/Air       #.......     100%        2    ###....


Dungeon Overview and Level Annotations

Branches:
Dungeon (15/15)            Temple (1/1) D:7            Lair (6/6) D:9
 Shoals (0/4) Lair:3       Spider (0/4) Lair:4        Slime (0/5) Lair:6
    Orc (2/2) D:11            Elf (3/3) Orc:2        Vaults (0/5) D:14
 Depths (0/5) D:15

Altars:
Ashenzari
Cheibriados
Dithmenos
Elyvilon
Fedhas
Gozag
Hepliaklqana
Kikubaaqudgha
Makhleb
Nemelex Xobeh
Okawaru
Qazlal
Ru
Sif Muna
Trog
Uskayaw
Vehumet
Xom
Yredelemnul
Zin
The Shining One
Jiyva

Shops:
D:9 [   D:15 *   Orc:2 }(%[   Elf:2 =[

Portals:
Trove: D:15 (give +2 fire dragon scales)


Innate Abilities, Weirdness & Mutations

You are resistant to torment.
Your stone body is resilient. (AC +13)
You are immune to poison.
Your large and strong wings let you fly indefinitely.
You resist negative energy. (rN+)
You are resistant to electric shocks. (rElec)
You can survive without breathing.
You are immune to petrification.
You are immune to rotting.
You have sharp toenails.
You have supernaturally acute eyesight. (SInv)
Your flesh is cold resistant. (rC+)


Message History

A deep elf mage comes into view.
It is wielding a long sword of draining.
You see here an arrow.
The deep elf mage shouts!
The deep elf mage points at you and mumbles some strange words.
The magic dart hits you!
Items here: ( )) [ a leather armour; 15 arrows; an uncursed short sword; an uncursed shortbow The sun demon disappears in a puff of smoke!
The deep elf mage points at you and mumbles some strange words.
The lance of force hits you!
You are knocked back by the lance of force.
You slam into the rock wall!
* * * LOW HITPOINT WARNING * * *
The deep elf knight hits you with a long sword!
* * * LOW HITPOINT WARNING * * *
Items here: $ ( )) = ? [[ †† The lost soul fades away!
The deep elf knight points at you and mumbles some strange words.
The stone arrow hits you!
You die...

#.......[....#..[.....#
#.######.####.........#
#. #(#....)§....###
#.#...(.....##
#(#..[.....##
##)...(....## #
##.).......##
#.####..))[....##
#.)[)[[e@)e#####
.....?#####(.).#
##........#..#.#
....#.###.####.# ###...
#.# #.# #.# #.# #(# #.
..# #.# # ..# #.# #.#


You could see a deep elf knight and a deep elf mage.

Vanquished Creatures
  Saint Roka (Elf:1)
  Asterion (Elf:1)
  3 deep elf blademasters
  A deep elf master archer (Elf:2)
  Kirke (D:12)
  The ghost of deifeln the Spry, an adept KoBe of Trog (Lair:4)
  Agnes (Elf:1)
  Roxanne (D:14)
  A fire giant (D:15)
  6 deep elf sorcerers
  5 deep elf elementalists
  An orc warlord (Orc:2)
  3 deep elf demonologists
  Nessos (D:14)
  6 deep elf annihilators
  The ghost of raganim86 the Grappler, a journeyman TrMo (D:11)
  5 deep elf death magi
  5 deep elf high priests (Elf:3)
  Josephine (Lair:4)
  8 vault guards (D:14)
  Fannar (Lair:3)
  Harold (Orc:1)
  6 hydras
  A merfolk avatar (Lair:6)
  A catoblepas (Lair:6)
  4 centaur warriors
  9 two-headed ogres
  28 dancing weapons
  A death yak (Lair:5)
  4 orc high priests
  17 deep elf knights
  Sonja (Lair:4)
  2 unseen horrors
  4 orc knights (Orc:2)
  12 deep elf archers
  3 orc sorcerers (Orc:2)
  48 deep elf magi
  4 oklob plants (Lair:5)
  2 slime creatures (D:15)
  5 manticores
  3 ugly things
  Maurice (D:9)
  5 black mambas
  3 elephants
  Psyche (D:9)
  12 spiny frogs
  A gargoyle (D:11)
  The ghost of Zazen the Ducker, a novice DsGl (D:6)
  3 rime drakes (Lair:6)
  An efreet (D:13)
  14 komodo dragons
  A tengu conjurer (D:14)
  10 trolls
  6 polar bears
  9 blink frogs (Lair:6)
  A hornet (D:9)
  3 wind drakes (Lair:6)
  10 dream sheep
  2 meliai zombies
  9 hippogriffs
  Sigmund (D:5)
  3 vampires
  4 air elementals
  6 wraiths
  4 hogs
  2 water elementals
  46 yaks
  2 wyverns
  A human (D:7)
  5 basilisks
  A hungry ghost (D:14)
  6 vampire mosquitoes
  3 wargs
  An acid dragon (D:11)
  11 water moccasins
  Duvessa (D:5)
  25 orc warriors
  4 sky beasts
  5 porcupines
  3 ice beasts
  2 black bears
  2 phantoms (D:9)
  6 starcursed masses (Elf:2)
  A necrophage (D:6)
  7 wolves
  7 ogres
  14 centaurs
  10 crocodiles
  The ghost of polly the Shield-Bearer, an amateur GrFi (D:3)
  A big kobold (D:8)
  Blork the orc (D:4)
  3 elf zombies (Ossuary)
  A gnoll sergeant (D:6)
  10 bullfrogs
  An earth elemental (Elf:3)
  6 scorpions
  A water moccasin skeleton (D:9)
  A wyvern skeleton (D:8)
  Dowan (D:5)
  10 killer bees
  6 wights
  An electric eel (Lair:6)
  3 howler monkeys
  4 crimson imps
  4 centaur zombies
  A bullfrog zombie (D:8)
  6 jellies
  A bullfrog skeleton (D:5)
  19 orc priests
  6 hounds
  2 human zombies (Ossuary)
  26 orc wizards
  5 centaur skeletons
  2 iguanas
  9 worker ants
  A killer bee zombie (D:7)
  A hound zombie (D:8)
  A hound skeleton (D:9)
  2 mummies (Ossuary)
  A worker ant zombie (D:11)
  7 adders
  14 gnolls
  2 shadow imps
  2 oozes
  2 adder zombies
  3 adder skeletons
  2 worms
  3 dart slugs
  5 leopard geckos
  80 orcs
  4 giant cockroaches
  10 hobgoblins
  4 jackals (D:2)
  9 quokkas
  A ball python (D:5)
  10 bats
  5 frilled lizards
  6 goblins
  3 goblin zombies
  10 hobgoblin zombies (Ossuary)
  9 kobolds
  7 kobold zombies (Ossuary)
  8 orc zombies (Ossuary)
  9 rats
  4 rat zombies
  2 plants (Lair:5)
845 creatures vanquished.

Vanquished Creatures (others)
  An orc warrior (Elf:2)
  5 fungi (Lair:6)
  15 plants
21 creatures vanquished.

Grand Total: 866 creatures vanquished

Notes
Turn   | Place    | Note
-------+----------+-------------------------------------------
     0 | D:1      | polly the Gargoyle Fighter began the quest for the Orb.
     0 | D:1      | Reached XP level 1. HP: 14/14 MP: 1/1
   164 | D:1      | Reached XP level 2. HP: 19/19 MP: 2/2
   303 | D:1      | Reached XP level 3. HP: 23/23 MP: 3/3
   603 | D:2      | Reached XP level 4. HP: 18/28 MP: 4/4
   626 | D:2      | Found a basalt altar of Yredelemnul.
   844 | D:2      | Found a faded altar of an unknown god.
   968 | D:3      | Noticed polly's ghost (amateur GrFi)
   983 | D:3      | Killed polly's ghost
   983 | D:3      | Reached skill level 1 in Dodging
   983 | D:3      | Reached XP level 5. HP: 13/32 MP: 5/5
  1474 | D:3      | Reached XP level 6. HP: 38/38 MP: 6/6
  1907 | D:4      | Noticed Blork the orc
  1921 | D:4      | Killed Blork the orc
  2016 | D:4      | Reached skill level 5 in Maces & Flails
  2443 | D:4      | Reached skill level 5 in Shields
  2443 | D:4      | Reached XP level 7. HP: 42/42 MP: 7/7
  2647 | D:4      | Reached skill level 1 in Crossbows
  2753 | D:5      | Entered Level 5 of the Dungeon
  2900 | D:5      | Reached skill level 2 in Crossbows
  3019 | D:5      | Noticed Dowan
  3020 | D:5      | Killed Dowan
  3021 | D:5      | Noticed Duvessa
  3022 | D:5      | Killed Duvessa
  3022 | D:5      | Reached skill level 3 in Crossbows
  3022 | D:5      | Reached XP level 8. HP: 48/48 MP: 8/8
  3029 | D:5      | Found a sand-covered staircase.
  3120 | Ossuary  | Entered an ossuary
  3238 | Ossuary  | Reached skill level 4 in Crossbows
  3240 | Ossuary  | Reached skill level 5 in Fighting
  3459 | Ossuary  | Reached skill level 5 in Armour
  3466 | Ossuary  | Reached skill level 5 in Crossbows
  3525 | D:5      | Noticed Sigmund
  3526 | D:5      | Killed Sigmund
  3590 | D:5      | Reached skill level 6 in Crossbows
  3694 | D:5      | Found a glowing golden altar of the Shining One.
  3835 | D:6      | Noticed Zazen's ghost (novice DsGl)
  3837 | D:6      | Killed Zazen's ghost
  3837 | D:6      | Reached skill level 7 in Crossbows
  3837 | D:6      | Reached skill level 1 in Stealth
  3837 | D:6      | Reached XP level 9. HP: 54/54 MP: 9/9
  4134 | D:6      | Noticed a troll
  4136 | D:6      | Killed a troll
  4136 | D:6      | Reached skill level 8 in Crossbows
  4551 | D:7      | Reached skill level 9 in Crossbows
  4728 | D:7      | Reached XP level 10. HP: 53/60 MP: 10/10
  4729 | D:7      | Reached skill level 10 in Crossbows
  5238 | D:7      | Found a staircase to the Ecumenical Temple.
  5248 | Temple   | Entered the Ecumenical Temple
  5369 | Temple   | Became a worshipper of Warmaster Okawaru
  5436 | D:8      | Noticed a seven-headed hydra
  5439 | D:8      | Killed a seven-headed hydra
  5742 | D:8      | Reached skill level 11 in Crossbows
  5808 | D:8      | Reached * piety under Okawaru
  6129 | D:8      | Noticed a two-headed ogre
  6130 | D:8      | Killed a two-headed ogre
  6130 | D:8      | Reached ** piety under Okawaru
  6414 | D:9      | Reached skill level 12 in Crossbows
  6502 | D:9      | Found Wuplom's Armour Shop.
  6515 | D:9      | Bought a +2 cloak of invisibility for 279 gold pieces
  6599 | D:9      | Noticed a moth of wrath
  6602 | D:9      | Found a bloodstained altar of Trog.
  6641 | D:9      | Found a deep blue altar of Sif Muna.
  6642 | D:9      | Reached XP level 11. HP: 67/67 MP: 11/11
  6887 | D:9      | Noticed Psyche
  6890 | D:9      | Killed Psyche
  6890 | D:9      | Reached *** piety under Okawaru
  6926 | D:9      | Reached skill level 13 in Crossbows
  6927 | D:9      | Found a shimmering altar of Xom.
  6942 | D:9      | Noticed a two-headed ogre
  6946 | D:9      | Received a gift from Okawaru
  6947 | D:9      | Killed a two-headed ogre
  6947 | D:9      | Reached **** piety under Okawaru
  6961 | D:9      | Found a staircase to the Lair.
  7024 | D:9      | Learned a level 3 spell: Regeneration
  7094 | D:9      | Noticed Maurice
  7097 | D:9      | Killed Maurice
  7184 | D:9      | Found a hide-covered altar of Uskayaw.
  7186 | D:9      | Found a blossoming altar of Fedhas.
  7202 | D:10     | Entered Level 10 of the Dungeon
  7277 | D:10     | Received a gift from Okawaru
  7286 | D:10     | Reached skill level 14 in Crossbows
  7289 | D:10     | Received a gift from Okawaru
  7378 | D:10     | Noticed a seven-headed hydra
  7380 | D:10     | Killed a seven-headed hydra
  7382 | D:10     | Reached ***** piety under Okawaru
  7494 | D:10     | Reached XP level 12. HP: 73/73 MP: 12/12
  7519 | D:10     | Noticed a two-headed ogre
  7522 | D:10     | Killed a two-headed ogre
  7802 | D:11     | Noticed a two-headed ogre
  7804 | D:11     | Killed a two-headed ogre
  7804 | D:11     | Reached skill level 15 in Crossbows
  7853 | D:11     | Noticed raganim86's ghost (journeyman TrMo)
  7859 | D:11     | Killed raganim86's ghost
  7859 | D:11     | Received a gift from Okawaru
  7863 | D:11     | Got a pair of ancient gloves {god gift}
  7869 | D:11     | Identified the +2 pair of gloves of Shadows and Fog {rC+ Regen+ Str-4} (Okawaru gifted it to you on level 11 of the Dungeon)
  8083 | D:11     | Noticed a centaur warrior
  8085 | D:11     | Noticed a two-headed ogre
  8086 | D:11     | Killed a centaur warrior
  8092 | D:11     | Killed a two-headed ogre
  8123 | D:11     | Reached skill level 16 in Crossbows
  8163 | D:11     | Found a staircase to the Orcish Mines.
  8471 | D:12     | Noticed Kirke
  8477 | D:12     | Killed Kirke
  8478 | D:12     | Received a gift from Okawaru
  8641 | D:12     | Reached XP level 13. HP: 80/80 MP: 13/13
  9200 | D:13     | Reached skill level 17 in Crossbows
  9423 | D:13     | Received a gift from Okawaru
  9672 | D:14     | Noticed a vault guard
  9672 | D:14     | Noticed a vault guard
  9672 | D:14     | Noticed a vault guard
  9673 | D:14     | Noticed a vault guard
  9674 | D:14     | Noticed a vault guard
  9675 | D:14     | Killed a vault guard
  9676 | D:14     | Noticed a vault guard
  9677 | D:14     | Noticed a vault guard
  9678 | D:14     | Noticed a vault guard
  9686 | D:14     | Killed a vault guard
  9687 | D:14     | Killed a vault guard
  9709 | D:14     | Killed a vault guard
  9714 | D:14     | Killed a vault guard
  9716 | D:14     | Killed a vault guard
  9716 | D:14     | Reached ****** piety under Okawaru
  9718 | D:14     | Killed a vault guard
  9721 | D:14     | Killed a vault guard
  9721 | D:14     | Reached skill level 18 in Crossbows
  9749 | D:14     | Found an ancient bone altar of Kikubaaqudgha.
  9802 | D:14     | Found a gate to the Vaults.
  9882 | D:14     | You fall through a shaft!
  9882 | D:15     | Entered Level 15 of the Dungeon
  9940 | D:15     | Received a gift from Okawaru
  9958 | D:15     | Identified a +2 pair of boots of running (Okawaru gifted it to you on level 15 of the Dungeon)
  9970 | D:15     | Found a staircase to the Depths.
  9973 | D:15     | Noticed a fire giant
  9982 | D:15     | Killed a fire giant
 10004 | D:15     | Gained mutation: Your large and strong wings let you fly indefinitely. [Gargoyle growth]
 10004 | D:15     | Reached XP level 14. HP: 82/87 MP: 14/14
 10114 | D:15     | Found Koug's Assorted Antiques.
 10122 | D:15     | Bought a scroll labeled LUUSTRED NUXI for 17 gold pieces
 10122 | D:15     | Bought a scroll labeled LAKASUECRO for 17 gold pieces
 10122 | D:15     | Bought a scroll labeled HYEFISCH UNEST for 17 gold pieces
 10342 | D:15     | Reached skill level 10 in Fighting
 10393 | D:15     | Found a portal to a secret trove of treasure.
 10546 | D:14     | Noticed Nessos
 10550 | D:14     | Killed Nessos
 10606 | D:14     | Noticed Roxanne
 10615 | D:14     | Killed Roxanne
 10638 | D:14     | Learned a level 2 spell: Swiftness
 11121 | D:14     | Reached skill level 19 in Crossbows
 11815 | Lair:1   | Entered Level 1 of the Lair of Beasts
 13311 | Lair:3   | Found a bloodstained altar of Trog.
 13661 | Lair:3   | Noticed Fannar
 13669 | Lair:3   | Killed Fannar
 13932 | Lair:3   | Found a staircase to the Shoals.
 14125 | Lair:3   | Received a gift from Okawaru
 14295 | Lair:4   | Noticed Sonja
 14295 | Lair:4   | Killed Sonja
 14369 | Lair:4   | Found a hole to the Spider Nest.
 14422 | Lair:4   | Noticed Josephine
 14425 | Lair:4   | Killed Josephine
 14537 | Lair:4   | Noticed deifeln's ghost (adept KoBe)
 14546 | Lair:4   | Killed deifeln's ghost
 14723 | Lair:4   | Found a labyrinth entrance.
 15105 | Lair:5   | Reached skill level 20 in Crossbows
 15210 | Lair:5   | Reached XP level 15. HP: 93/93 MP: 15/15
 15857 | Lair:6   | Entered Level 6 of the Lair of Beasts
 15951 | Lair:6   | Received a gift from Okawaru
 15956 | Lair:6   | Got a pair of twisted boots {god gift}
 15967 | Lair:6   | Identified the +1 pair of boots of Past Mistakes {rC+ rCorr Stlth+} (Okawaru gifted it to you on level 6 of the Lair of Beasts)
 16265 | Lair:6   | Got steaming fire dragon scales
 16286 | Lair:6   | Identified the +0 fire dragon scales "Fuhir" {rF++ rC- rN+ MR+ Str-3} (You found it on level 6 of the Lair of Beasts)
 16494 | Lair:6   | Found a staircase to the Slime Pits.
 16494 | Lair:6   | Found a viscous altar of Jiyva.
 16628 | Lair:6   | Reached skill level 21 in Crossbows
 17220 | Orc:1    | Entered Level 1 of the Orcish Mines
 17232 | Orc:1    | Noticed Harold
 17234 | Orc:1    | Killed Harold
 17234 | Orc:1    | Reached skill level 10 in Armour
 17428 | Orc:2    | Entered Level 2 of the Orcish Mines
 17935 | Orc:2    | Received a gift from Okawaru
 17956 | Orc:2    | Received a gift from Okawaru
 17972 | Orc:2    | Found Etiyb's Weapon Shop.
 17972 | Orc:2    | Found Hytas's Gadget Emporium.
 17998 | Orc:2    | Found Lulorox's Armour Shop.
 17998 | Orc:2    | Found Emesopp's Food Emporium.
 18075 | Orc:2    | Found a staircase to the Elven Halls.
 18210 | Orc:2    | Noticed an orc warlord
 18231 | Orc:2    | Killed an orc warlord
 18391 | Elf:1    | Entered Level 1 of the Elven Halls
 18393 | Elf:1    | Received a gift from Okawaru
 18396 | Elf:1    | Reached XP level 16. HP: 100/100 MP: 16/16
 18548 | Elf:1    | Noticed Asterion
 18551 | Elf:1    | Noticed an Executioner
 18558 | Elf:1    | Killed Asterion
 18562 | Elf:1    | Noticed Agnes
 18565 | Elf:1    | Killed Agnes
 18690 | Elf:1    | Reached skill level 22 in Crossbows
 18703 | Elf:1    | Received a gift from Okawaru
 18796 | Elf:1    | Identified Sif Muna's Handbook of Creation
 19076 | Elf:2    | Noticed Saint Roka
 19169 | Elf:1    | Killed Saint Roka
 19169 | Elf:1    | Received a gift from Okawaru
 19323 | Elf:2    | Found Pacismom's Jewellery Shoppe.
 19359 | Elf:2    | Found a flickering gateway to a bazaar.
 19373 | Bazaar   | Entered a bazaar
 19376 | Bazaar   | Found Ysumooff's Distillery.
 19389 | Bazaar   | Found Nowiz's Armour Shop.
 19403 | Bazaar   | Found Momoud's Gadget Boutique.
 19432 | Bazaar   | Found Avoafa's Gadget Boutique.
 19479 | Bazaar   | Bought a potion of heal wounds for 55 gold pieces
 19479 | Bazaar   | Bought a potion of heal wounds for 55 gold pieces
 19479 | Bazaar   | Bought a potion of mutation for 88 gold pieces
 19479 | Bazaar   | Bought a potion of mutation for 88 gold pieces
 19480 | Bazaar   | Gained mutation: You are frail. (-10% HP) [potion of mutation]
 19480 | Bazaar   | Gained mutation: Your flesh is cold resistant. (rC+) [potion of mutation]
 19480 | Bazaar   | Gained mutation: Your spells are a little harder to cast, but a little more powerful. [potion of mutation]
 19480 | Bazaar   | Gained mutation: Your mind is acute. (Int +2) [potion of mutation]
 19481 | Bazaar   | Lost mutation: Your mind is acute. (Int +2) [potion of mutation]
 19481 | Bazaar   | Lost mutation: Your spells are a little harder to cast, but a little more powerful. [potion of mutation]
 19481 | Bazaar   | Lost mutation: You are frail. (-10% HP) [potion of mutation]
 19481 | Bazaar   | Gained mutation: You have supernaturally acute eyesight. (SInv) [potion of mutation]
 19481 | Bazaar   | Gained mutation: You have sharp toenails. [potion of mutation]
 19691 | Elf:2    | Found Aguugg's Armour Boutique.
 19735 | Elf:2    | Found a runed gate.
 19735 | Elf:2    | Found a runed gate.
 19736 | Elf:2    | Found a runed gate.
 19870 | Elf:2    | Bought the +10 storm dragon scales "Wico Nel" {+Blink rElec MR+} for 1846 gold pieces
 20101 | Elf:2    | Noticed a deep elf blademaster
 20103 | Elf:2    | Killed a deep elf blademaster
 20160 | Elf:2    | Received a gift from Okawaru
 20160 | Elf:2    | Reached XP level 17. HP: 89/106 MP: 17/17
 20162 | Elf:2    | Reached skill level 23 in Crossbows
 20508 | Elf:3    | Entered Level 3 of the Elven Halls
 20851 | Elf:3    | Noticed a deep elf blademaster
 20855 | Elf:3    | Noticed a deep elf blademaster
 21008 | Elf:3    | Noticed a deep elf master archer
 21012 | Elf:3    | Received a gift from Okawaru
 21018 | Elf:3    | Noticed a Tzitzimitl
 21097 | Elf:2    | Killed a deep elf master archer
 21101 | Elf:2    | Received a gift from Okawaru
 21132 | Elf:3    | Received a gift from Okawaru
 21145 | Elf:3    | Killed a deep elf blademaster
 21145 | Elf:3    | Received a gift from Okawaru
 21223 | Elf:3    | Reached skill level 24 in Crossbows
 21278 | Elf:3    | Killed a deep elf blademaster
 21307 | Elf:3    | Noticed a Brimstone Fiend
 21499 | Elf:3    | Cast into level 2 of the Abyss (a deep elf demonologist)
 21539 | Elf:3    | Escaped the Abyss
 21540 | Elf:3    | Noticed an Executioner
 21546 | Elf:2    | Paralysed by accursed screaming for 1 turns
 21552 | Elf:2    | Received a gift from Okawaru
 21665 | Elf:3    | Reached XP level 18. HP: 113/113 MP: 18/18
 22160 | Elf:3    | Killed from afar by a deep elf knight

Vault maps used:
D:1:      minmay_arrival_hallway, kennysheep_pointless_box
D:2:      chequers_ecumenical_altar_simple, yredelemnul_altar_generic
D:4:      uniq_blork_the_orc
D:5:      tso_oasis_becter, first_bread, enter_ossuary_4, uniq_sigmund,
          uniq_duvessa
D:7:      temple_hall, grunt_livestock,
          hangedman_abyss_or_decor_jellyfish_corner,
          hangedman_abyss_or_decor_stagger
D:8:      minmay_holes
D:9:      xom_teletrap_fun, minitemple, led_sif_pool, david_lair_generic,
          serial_shops, nicolae_shop_temple_entry_statues_fountains, tgw_trog,
          uniq_maurice, uniq_psyche
D:11:     erik_orc_3
D:12:     uniq_kirke
D:14:     erik_vaults_2, old_standard_altar, uniq_nessos, uniq_roxanne
D:15:     grunt_enter_depths_giant_problem, nicolae_trove_entry_crystal,
          serial_shops, nicolae_shop_overgrown_old_shop,
          minmay_misc_feat_encased
Temple:   eino_temple_rhombus
Lair:2:   infiniplex_staircase_pool_2
Lair:3:   elwin_shoals_entry_rooms, basic_altar, patterned_corridor,
          lemuel_fruit_fields, uniq_fannar
Lair:4:   dummy_spider_entry, lab_entry_generic, beast_lair_carwin_2,
          uniq_sonja, uniq_josephine
Lair:5:   minmay_lair_oklob_chamber
Lair:6:   gammafunk_lair_ancient_temple, slime_altar_1, serial_bayou_shore_a,
          grunt_megastairs_2
Orc:1:    uniq_harold
Orc:2:    grunt_orc_tribal_feast, mines_bat_river
Elf:1:    minmay_elf_demonology, uniq_agnes, uniq_asterion
Elf:2:    serial_shops, bzr_entry_customers, nicolae_shop_trees, shop,
          uniq_saint_roka
Elf:3:    minmay_elf_hall_x, minivault_16
Bazaar:   bazaar_jpeg_honeycomb
Ossuary:  ossuary_tomb_1

Skill      XL: |  1  2  3  4  5  6  7  8  9 10 11 12 13 14 15 16 17 18 |
---------------+-------------------------------------------------------+-----
Maces & Flails | 3 4 5 |  5.2
Shields        | 4 5 |  5.4
Dodging        | 1 2 |  2.2
Armour         | 4 5 6 7 8 9 10 11 | 11.7
Fighting       | 4 5 6 7 8 9 10 11 12 13 | 13.0
Crossbows      | 3 7 9 12 14 16 18 20 21 22 24 | 24.5
Stealth        | 1 2 |  2.7
Throwing       | |  0.1

Action                   |  1- 3 |  4- 6 |  7- 9 | 10-12 | 13-15 | 16-18 || total
-------------------------+-------+-------+-------+-------+-------+-------++-------
Melee: Flail             |    64 |       |       |       |       |       ||    64
       Whip              |    30 |   133 |       |       |       |       ||   163
 Fire: Heavy crossbow    |       |     1 |   130 |   270 |   619 |   384 ||  1404
Throw: Tomahawk          |       |     1 |       |       |       |       ||     1
 Abil: Fly               |       |       |       |       |     1 |       ||     1
Evoke: Wand              |       |       |       |       |       |     1 ||     1
  Use: Scroll            |       |     3 |       |    14 |    15 |     1 ||    33
       Potion            |       |       |       |       |     2 |     9 ||    11
  Eat: Chunk             |       |     4 |     7 |     9 |    22 |     6 ||    48
       Meat ration       |       |       |       |     1 |       |       ||     1
       Royal jelly       |       |       |       |       |     3 |     3 ||     6
Armor: Scale mail        |    62 |    14 |       |       |       |       ||    76
       Plate armour      |       |    56 |    84 |   198 |   310 |   122 ||   770
       Storm dragon scal |       |       |       |       |       |   192 ||   192
Dodge: Dodged            |    33 |    27 |    36 |    91 |   127 |   162 ||   476
       Deflected         |       |       |       |       |    16 |    13 ||    29
Block: Shield            |    46 |    60 |       |       |       |       ||   106
